 Dungeon Crawl Stone Soup version 0.31-a0-246-g8cbcc1cb85 (webtiles) character file.

Game seed: 15436384103096084813

3612 qw the Skirmisher (level 10, -9/64 HPs)
             Began as a Gargoyle Hexslinger on July 12, 2023.
             Killed from afar by an acid dragon (29 damage)
             ... with a splash of acid
             ... on level 9 of the Dungeon.
             The game lasted 00:02:57 (6305 turns).

qw the Skirmisher (Gargoyle Hexslinger)             Turns: 6305, Time: 00:02:58

Health: -9/64      AC: 20    Str: 13    XL:     10   Next: 11%
Magic:  10/10      EV: 16    Int: 13    God:
Gold:   374        SH:  4    Dex: 16    Spells: 10/11 levels left

rFire   . . .        Y - +0 orcbow
rCold   . . .        (shield currently unavailable)
rNeg    + . .        c - +0 ring mail
rPois   inf          p - +0 helmet
rElec   +            (no cloak)
rCorr   .            (no gloves)
SInv    .            b - +0 pair of boots
Will    .....        (no amulet)
Stlth   +            i - +5 ring of evasion
HPRegen 0.30/turn    k - +4 ring of protection
MPRegen 0.12/turn

%: no passive effects
@: no status effects
A: sickness immunity, AC +7, negative energy resistance 1, electricity
resistance, torment resistance 1, petrification resistance, large bone plates 1,
low MP 1, shaggy fur 1
a: no special abilities


You were on level 9 of the Dungeon.
You visited 2 branches of the dungeon, and saw 10 of its levels.

You collected 374 gold pieces.


Innate Abilities, Weirdness & Mutations

You are immune to sickness and miasma.
Your stone body is resilient. (AC +7)
You are immune to poison.
You resist negative energy. (rN+)
You are resistant to electric shocks. (rElec)
You are resistant to unholy torment.
You are immune to petrification.
You are partially covered in large bone plates. (SH +4)
Your magical capacity is low. (-10% MP)
You are covered in fur. (AC +1)


   Skills:
 - Level 8.0 Fighting
 + Level 11.4 Ranged Weapons
 - Level 3.2 Armour
 - Level 3.1 Dodging
 - Level 1.0 Spellcasting
 - Level 2.6 Hexes


You had 10 spell levels left.
You knew the following spells:

 Your Spells              Type           Power      Damage    Failure   Level
a - Slow                  Hex            28%        N/A       19%         1

Your spell library contained the following spells:

 Spells                   Type           Power      Damage    Failure   Level
 Inner Flame              Hex/Fire       4%         N/A       69%         3
 Portal Projectile        Hex/Tloc       8%         N/A       69%         3
 Cause Fear               Hex            3%         N/A       88%         4

Inventory:

Hand Weapons
 Y - a +0 orcbow (weapon)
Armour
 b - a +0 pair of boots (worn)
 c - a +0 ring mail (worn)
 p - a +0 helmet (worn)
Jewellery
 i - a +5 ring of evasion (left hand)
 k - a +4 ring of protection (right hand)
 q - a ring of fire
Scrolls
 a - 2 scrolls of identify
 d - 2 scrolls of teleportation
Potions
 e - 2 potions of curing
 f - a potion of mutation
 g - 2 potions of might
 h - a potion of heal wounds
 l - a potion of enlightenment

Dungeon Overview and Level Annotations

Branches:
Dungeon (9/15)             Temple (1/1) D:6
   Lair: D:8-11         Orc: D:9-12

Altars:
Ashenzari
Cheibriados
Elyvilon
Fedhas
Gozag
Hepliaklqana
Kikubaaqudgha
Makhleb
Nemelex Xobeh
Qazlal
Ru
Sif Muna
Trog
Uskayaw
Vehumet
Wu Jian
Xom
Yredelemnul
The Shining One


Message History

The gnoll sergeant hits you from afar with a +0 spear.
The acid dragon bites you but does no damage.
The acid dragon claws you.
You shoot an arrow.
The arrow hits the acid dragon but does no damage.
The acid dragon is heavily wounded.
The gnoll hits you but does no damage. The gnoll barely misses you.
The gnoll sergeant hits you but does no damage.
The gnoll completely misses you. The acid dragon closely misses you.
The acid dragon claws you.
You shoot an arrow.
The arrow hits the acid dragon but does no damage.
The acid dragon is heavily wounded.
The orc wizard casts a spell.
The orc wizard flickers and vanishes!
Deactivating autopickup; reactivate with Ctrl-A.
A kobold demonologist comes into view. It is wielding a +0 dagger.
The gnoll closely misses you. The gnoll hits you but does no damage.
The gnoll hits you with a +0 whip. You block the gnoll sergeant's attack.
The acid dragon bites you. The acid dragon barely misses you.
You shoot an arrow.
The arrow barely misses the acid dragon.
The gnoll closely misses you. You block the gnoll sergeant's attack.
The gnoll misses you. The acid dragon completely misses you.
The acid dragon misses you.
You shoot an arrow.
The arrow closely misses the acid dragon.
The orc barely misses you. The gnoll completely misses you.
The gnoll barely misses you. You block the gnoll sergeant's attack.
The acid dragon barely misses you. The acid dragon closely misses you.
You shoot an arrow.
The arrow barely misses the acid dragon.
The orc closely misses you.
The kobold brigand completely misses you.
The gnoll misses you.
The gnoll sergeant hits you from afar with a +0 spear.
The gnoll closely misses you. The acid dragon spits acid at you.
The splash of acid hits you!!
You die...

.########..#
...........# #
...........# $#
...........#########.#
.....................#
.................!...#
.....................#
...............(.o...#
.<............gg@oT..#
...............KgD...#
...............g{....#
...............KK.$..#
............K........#
.....................#
.....................#
.....................#


You could see a kobold demonologist, a troll, an acid dragon (catching breath),
2 kobold brigands, a gnoll sergeant, 3 gnolls, 2 orcs and a kobold.

Vanquished Creatures
  Prince Ribbit (D:5)
  Grinder (D:5)
  A wyvern (D:8)
  Grum (D:8)
  A water moccasin (D:6)
  2 sky beasts
  2 orc warriors (D:8)
  2 ogres
  4 black bears
  3 wolves (D:8)
  A centaur (D:5)
  3 bullfrogs
  6 scorpions
  5 wights (D:8)
  An electric eel (D:8)
  A hound (D:4)
  2 jellies
  2 gnoll boudas (D:7)
  3 orc priests
  3 iguanas
  2 sleepcaps
  Jessica (D:2)
  4 orc wizards
  10 gnolls
  5 adders
  A white imp (D:5)
  3 dart slugs
  17 orcs
  14 ball pythons
  A bat zombie (D:2)
  9 endoplasms
  7 giant cockroaches
  8 goblins
  14 hobgoblins
  3 jackals (D:4)
  7 quokkas
  4 bats
  3 frilled lizards
  A jackal zombie (D:2)
  8 kobolds
  A quokka skeleton (D:2)
  7 rats
175 creatures vanquished.

Notes
Turn   | Place    | Note
-------+----------+-------------------------------------------
     0 | D:1      | qw the Gargoyle Hexslinger began the quest for the Orb.
     0 | D:1      | Reached XP level 1. HP: 12/12 MP: 2/2
     0 | D:1      | 0 ||| qw: Version: 0.3-a-52-g30416fa
     0 | D:1      | 0 ||| qw: Game counter: 6536
     0 | D:1      | 0 ||| qw: Melee chars always use a shield: true
     0 | D:1      | 0 ||| qw: God list: Okawaru
     0 | D:1      | 0 ||| qw: Allow faded altars: false
     0 | D:1      | 0 ||| qw: Do Orc after clearing Dungeon:15 true
     0 | D:1      | 0 ||| qw: Do second Lair branch before Depths: true
     0 | D:1      | 0 ||| qw: Lair rune preference: random
     0 | D:1      | 0 ||| qw: Goals: Normal
     0 | D:1      | 0 ||| PLANNING D:1-11
     2 | D:1      | 2 ||| DROPPING scroll of poison.
   103 | D:1      | Reached XP level 2. HP: 16/16 MP: 3/3
   184 | D:1      | Reached skill level 3 in Ranged Weapons
   297 | D:1      | Reached XP level 3. HP: 15/21 MP: 4/4
   740 | D:1      | 740 ||| UPGRADING to +0 leather armour.
   750 | D:1      | 750 ||| DROPPING +0 robe.
   751 | D:1      | 751 ||| READING scroll labelled NYESAPN ERHOENYN.
   788 | D:2      | 788 ||| STAIRDANCE
   910 | D:2      | Reached XP level 4. HP: 19/26 MP: 5/5
  1074 | D:2      | Noticed Jessica
  1078 | D:2      | Reached skill level 4 in Ranged Weapons
  1104 | D:2      | HP: 4/26 [something/nerve-wracking pain (3)]
  1108 | D:2      | Killed Jessica
  1193 | D:2      | Found a faded altar of an unknown god.
  1548 | D:2      | 1548 ||| UPGRADING to +0 pair of boots.
  1553 | D:2      | 1553 ||| READING scroll labelled IWNIXU BEJE.
  1553 | D:2      | Identified a scroll of acquirement
  1553 | D:2      | 1553 ||| ACQUIRING +6 shortbow of draining
  1553 | D:2      | Acquired a +6 shortbow of draining
  1555 | D:2      | 1555 ||| SWAPPING to +6 shortbow of draining.
  1556 | D:2      | 1556 ||| DROPPING +1 sling.
  1557 | D:2      | 1557 ||| READING scroll labelled WEENI LOETESM.
  1606 | D:3      | 1606 ||| Stepping ~*~*~tactically~*~*~ (outnumbered).
  1608 | D:3      | 1608 ||| Stepping ~*~*~tactically~*~*~ (outnumbered).
  1627 | D:3      | Reached skill level 5 in Ranged Weapons
  1627 | D:3      | Reached XP level 5. HP: 13/30 MP: 6/6
  1627 | D:3      | 1627 ||| FLEEEEING.
  1628 | D:3      | 1628 ||| FLEEEEING.
  1629 | D:3      | 1629 ||| FLEEEEING.
  1630 | D:3      | 1630 ||| FLEEEEING.
  1631 | D:3      | 1631 ||| FLEEEEING.
  1632 | D:3      | 1632 ||| FLEEEEING.
  1633 | D:3      | 1633 ||| FLEEEEING.
  1634 | D:3      | 1634 ||| FLEEEEING.
  1635 | D:3      | 1635 ||| FLEEEEING.
  1636 | D:3      | 1636 ||| FLEEEEING.
  1637 | D:3      | 1637 ||| FLEEEEING.
  1638 | D:3      | 1638 ||| FLEEEEING.
  1639 | D:3      | 1639 ||| FLEEEEING.
  1640 | D:3      | 1640 ||| FLEEEEING.
  1641 | D:3      | 1641 ||| FLEEEEING.
  1642 | D:3      | 1642 ||| FLEEEEING.
  1643 | D:3      | 1643 ||| STAIRDANCE
  1702 | D:3      | 1702 ||| STAIRDANCE
  1785 | D:3      | Reached skill level 3 in Fighting
  2427 | D:3      | 2427 ||| UPGRADING to +0 ring mail.
  2437 | D:3      | 2437 ||| DROPPING +0 leather armour.
  2438 | D:3      | 2438 ||| READING 3 scrolls labelled EBAOTZ VEMPIEWUCON.
  2439 | D:3      | 2439 ||| READING scroll labelled EBRUMI USTRESK.
  2440 | D:3      | 2440 ||| READING scroll labelled OKODDI GAOMU.
  2441 | D:3      | 2441 ||| READING 2 scrolls of identify.
  2441 | D:3      | 2441 ||| IDENTIFYING amethyst potion
  2502 | D:4      | Reached skill level 1 in Armour
  2502 | D:4      | Reached XP level 6. HP: 26/37 MP: 7/7
  2594 | D:4      | 2594 ||| DROPPING +0 antimagic sling.
  2654 | D:4      | Reached skill level 6 in Ranged Weapons
  2743 | D:4      | Reached XP level 7. HP: 43/43 MP: 8/8
  2782 | D:4      | Reached skill level 7 in Ranged Weapons
  2981 | D:4      | Reached skill level 8 in Ranged Weapons
  2981 | D:4      | Reached XP level 8. HP: 43/48 MP: 9/9
  3290 | D:4      | 3290 ||| DROPPING +6 ring of intelligence.
  3291 | D:4      | 3291 ||| UPGRADING to +5 ring of evasion.
  3292 | D:4      | 3292 ||| READING 2 scrolls labelled RIOHUR PYR GIW.
  3295 | D:4      | 3295 ||| READING scroll labelled QIOCICHOVAA.
  3396 | D:4      | 3396 ||| READING scroll labelled PATUME FOTESH.
  3397 | D:4      | 3397 ||| DRINKING 2 fuming brown potions.
  3398 | D:4      | 3398 ||| DRINKING 2 fuming red potions.
  3503 | D:4      | 3503 ||| READING 2 scrolls of identify.
  3503 | D:4      | 3503 ||| IDENTIFYING white potion
  3504 | D:4      | 3504 ||| DROPPING potion of degeneration.
  3505 | D:4      | 3505 ||| DROPPING potion of berserk rage.
  3543 | D:5      | Entered Level 5 of the Dungeon
  3548 | D:5      | Noticed Prince Ribbit
  3560 | D:5      | Killed Prince Ribbit
  3810 | D:5      | 3810 ||| SWAPPING to +0 orcbow.
  3811 | D:5      | 3811 ||| DROPPING +6 shortbow of draining.
  3851 | D:5      | Noticed Grinder
  3854 | D:5      | Paralysed by Grinder for 2 turns
  3856 | D:5      | Killed Grinder
  3857 | D:5      | Reached skill level 9 in Ranged Weapons
  4026 | D:5      | 4026 ||| READING scroll labelled SINWYN TOGOJ.
  4027 | D:5      | 4027 ||| DRINKING 2 bubbling grey potions.
  4027 | D:5      | Gained mutation: You are covered in fur. (AC +1) [potion of
                  | mutation]
  4027 | D:5      | Gained mutation: Your magical capacity is low. (-10% MP)
                  | [potion of mutation]
  4027 | D:5      | Gained mutation: You are partially covered in large bone
                  | plates. (SH +4) [potion of mutation]
  4146 | D:6      | Found a staircase to the Ecumenical Temple.
  4147 | D:6      | 4147 ||| PLANNING TEMPLE
  4147 | D:6      | 4147 ||| UPGRADING to +4 ring of protection.
  4154 | Temple   | Entered the Ecumenical Temple
  4323 | Temple   | 4323 ||| PLANNING D:1-11
  4369 | D:6      | Reached skill level 6 in Fighting
  4369 | D:6      | Reached XP level 9. HP: 50/55 MP: 9/9
  4807 | D:7      | Reached skill level 10 in Ranged Weapons
  4945 | D:7      | 4945 ||| Stepping ~*~*~tactically~*~*~ (outnumbered).
  5102 | D:7      | 5102 ||| Stepping ~*~*~tactically~*~*~ (outnumbered).
  5104 | D:7      | 5104 ||| Stepping ~*~*~tactically~*~*~ (outnumbered).
  5274 | D:7      | 5274 ||| UPGRADING to +0 helmet.
  5279 | D:7      | 5279 ||| DROPPING ring of ice.
  5280 | D:7      | 5280 ||| DRINKING 2 lumpy red potions.
  5281 | D:7      | 5281 ||| READING 2 scrolls of identify.
  5281 | D:7      | 5281 ||| IDENTIFYING fizzy green potion
  5282 | D:7      | 5282 ||| DROPPING potion of brilliance.
  5313 | D:8      | Reached skill level 3 in Armour
  5467 | D:8      | Noticed Grum
  5476 | D:8      | Reached skill level 11 in Ranged Weapons
  5490 | D:8      | Killed Grum
  5499 | D:8      | Reached skill level 3 in Dodging
  5656 | D:8      | 5656 ||| DRINKING 3 potions of curing.
  5656 | D:8      | 5656 ||| (to cure confusion)
  5672 | D:8      | Reached XP level 10. HP: 59/64 MP: 10/10
  6240 | D:8      | 6240 ||| READING 4 scrolls of identify.
  6240 | D:8      | 6240 ||| IDENTIFYING silvery potion
  6241 | D:8      | 6241 ||| READING 3 scrolls of identify.
  6241 | D:8      | 6241 ||| IDENTIFYING sedimented white potion
  6242 | D:8      | 6242 ||| READING 2 scrolls of identify.
  6242 | D:8      | 6242 ||| IDENTIFYING ruby potion
  6243 | D:8      | 6243 ||| DROPPING potion of lignification.
  6244 | D:8      | 6244 ||| DROPPING potion of ambrosia.
  6302 | D:9      | Noticed a kobold demonologist
  6305 | D:9      | Killed from afar by an acid dragon

Levels and vault maps discovered:
D:1:      scummos_arrival_star, layout_basic, serial_curves, eino_curves_04,
          eino_curves_01, minmay_worlds_worst_comb
D:2:      layout_basic, serial_undead, serial_undead_a, serial_undead_c,
          serial_undead_e, serial_undead_d, serial_undead_d, serial_undead_c,
          nicolae_ecumenical_snake_handling, uniq_jessica
D:3:      wander_river, layout_loops_ring, kennysheep_generic_room_12,
          uniq_crazy_yiuf_cottage
D:4:      layout_basic, minmay_starry_boxes
D:5:      layout_basic, uniq_prince_ribbit1, uniq_grinder
D:6:      layout_loops_cross, minmay_temple_entry_wispy
D:7:      layout_basic
D:8:      layout_loops_ring, kennysheep_minor_cross, feat_on_display, uniq_grum
D:9:      layout_long_grid, chequers_temple_overflow_minitemple,
          minmay_orc_entry_temple_small
Temple:   nicolae_temple_bog_church

Skill      XL: |  1  2  3  4  5  6  7  8  9 10 |
---------------+-------------------------------+-----
Ranged Weapons | 3 5 6 8 9 11 | 11.4
Fighting       | 2 3 4 6 7 8 |  8.0
Armour         | 1 2 3 |  3.2
Dodging        | 2 3 |  3.1
Spellcasting   | |  1.0
Hexes          | |  2.6

Action                     |  1- 3 |  4- 6 |  7- 9 | 10-12 || total
---------------------------+-------+-------+-------+-------++-------
   Fire: Sling             |   130 |    74 |       |       ||   204
         Shortbow          |       |   102 |    85 |       ||   187
         Orcbow            |       |       |   260 |    78 ||   338
    Use: Scroll            |     1 |     6 |     6 |     3 ||    16
         Potion            |       |       |     5 |       ||     5
 Armour: Robe              |    12 |       |       |       ||    12
         Leather armour    |    23 |    36 |       |       ||    59
         Ring mail         |       |    15 |   112 |    31 ||   158
  Dodge: Dodged            |    63 |    36 |   172 |    41 ||   312
  Block: Other             |       |       |    21 |    10 ||    31

Table legend:
 A = Non-vault XP
 B = Vault XP
 C = Vault XP percentage of total XP
 D = Non-vault monster count
 E = Vault monster count
 F = Vault count percentage of total count
                 A         B        C        D         E       F
            +---------+---------+-------+---------+---------+-------
      Total |    3828 |    1332 |  25.8 |     148 |      27 |  15.4
            +---------+---------+-------+---------+---------+-------
        D:1 |      46 |       8 |  14.8 |      28 |       4 |  12.5
        D:2 |      77 |      47 |  37.9 |      19 |       8 |  29.6
        D:3 |     111 |       1 |   0.9 |      23 |       1 |   4.2
        D:4 |     749 |     197 |  20.8 |      23 |       8 |  25.8
        D:5 |     487 |     550 |  53.0 |       8 |       2 |  20.0
        D:6 |     421 |       0 |   0.0 |       5 |       0 |   0.0
        D:7 |     679 |       0 |   0.0 |      18 |       0 |   0.0
        D:8 |    1243 |     529 |  29.9 |      23 |       4 |  14.8
        D:9 |      15 |       0 |   0.0 |       1 |       0 |   0.0
            +---------+---------+-------+---------+---------+-------
